 Dungeon Crawl Stone Soup version 0.25-a0-860-gf695395b5c (webtiles) character file.

Game seed: 2432111737714075456, levelgen mode: deterministic

349 kae the Sneak (level 6, 0/45 HPs)
             Began as an Octopode Fire Elementalist on Apr 27, 2020.
             Slain by an iguana (5 damage)
             ... on level 4 of the Dungeon.
             The game lasted 00:05:10 (4093 turns).

kae the Sneak (Octopode Fire Elementalist)          Turns: 4093, Time: 00:05:11

Health: 0/45       AC:  1    Str:  7    XL:     6   Next: 60%
Magic:  6/9        EV: 13    Int: 20    God:
Gold:   79         SH:  0    Dex: 12    Spells: 8/9 levels left

rFire    + . .     SeeInvis .   a - +0 spear
rCold    . . .     Gourm    .   (no shield)
rNeg     . . .     Faith    .   (helmet restricted)
rPois    .         Spirit   .   (no amulet)
rElec    .         Reflect  .   k - ring of protection from fire
rCorr    .         Harm     .   (no ring)
MR       .....                  (no ring)
Stlth    ++++......             (no ring)
HPRegen  0.15/turn              (no ring)
MPRegen  0.11/turn              (no ring)
                                (no ring)
                                (no ring)

@: no status effects
A: almost no armour, stealthy swim, amphibious, 8 rings, constrict 8, camouflage
1, gelatinous body 1
a: no special abilities


You were on level 4 of the Dungeon.
You were not hungry.

You visited 1 branch of the dungeon, and saw 4 of its levels.

You collected 79 gold pieces.

Inventory:

Hand Weapons
 a - a +0 spear (weapon)
Jewellery
 k - a ring of protection from fire (left tentacle)
Scrolls
 h - a scroll of amnesia
 j - a scroll of fog
Potions
 d - a potion of might
 e - a potion of haste {unknown}
 g - a potion of stabbing {unknown}
 i - a potion of heal wounds {unknown}
Comestibles
 b - 7 rations
 c - 2 chunks of flesh


   Skills:
 + Level 4.8 Fighting
 - Level 2.0 Dodging
 - Level 5.0 Stealth
 - Level 2.0 Spellcasting
 - Level 3.0 Conjurations
 - Level 3.0 Fire Magic


You had 8 spell levels left.
You knew the following spells:

 Your Spells              Type           Power        Failure   Level  Hunger
a - Foxfire               Conj/Fire      ##..         4%          1    #......

Your spell library contained the following spells:

 Spells                   Type           Power        Failure   Level  Hunger
 Conjure Flame            Conj/Fire      ##......     14%         3    ###....
 Inner Flame              Hex/Fire       #.......     26%         3    ###....
 Sticky Flame             Conj/Fire      ##......     41%         4    #####..
 Fireball                 Conj/Fire      ##........   77%         5    ######.


Dungeon Overview and Level Annotations

Branches:
Dungeon (4/15)
 Temple: D:4-7

Altars:
Cheibriados
Hepliaklqana
Okawaru
Sif Muna
Wu Jian
Xom
Zin

Shops:
D:4 !

Annotations:
D:3 exclusion: worker ant, Grinder
D:4 exclusions: hippogriff and ogre


Innate Abilities, Weirdness & Mutations

You cannot wear most types of armour.
You are very stealthy in the water. (Stealth+)
You are amphibious.
You can wear up to eight rings at the same time.
You can use your tentacles to constrict eight enemies at once.
Your skin changes colour to match your surroundings (Stealth+).
Your rubbery body absorbs attacks. (AC +1, EV +1)


Message History

You constrict the iguana, but do no damage.
The foxfire hits the iguana.
The iguana is severely wounded.
The foxfire hits the iguana.
The iguana is severely wounded.
The iguana barely misses you.
Casting: Foxfire (safe; 4% risk of failure)
Confirm with . or Enter, or press ? or * to list all spells.
You conjure some foxfire!
You constrict the iguana, but do no damage.
The iguana bites you!
* * * LOW HITPOINT WARNING * * *
Some of the chunks of flesh in your inventory have rotted away.
You constrict the iguana, but do no damage.
The foxfire hits the iguana.
The iguana is severely wounded.
The foxfire hits the iguana but does no damage.
The iguana is severely wounded.
The iguana bites you.
You die...

#....#... .... ..##
#.......###.. ...
..#...o..##.#####.#
......#!###...##.#
......#..[.......#####
...#.....#.#.#........ #
............##..>.###...
...##..........§.#......
#.##........###§@l......
#.##.#####.###......#...
#......##..##....####
#......)#..#...#..
#.......#..#...#.##
........#.....#...
.#.##......... #.#
.####...>..... #.#
.##...........


You could see an iguana.

Vanquished Creatures
  2 orc priests
  2 orc wizards (D:3)
  An iguana (D:4)
  12 adders
  An ooze (D:3)
  4 worms
  3 dart slugs
  A leopard gecko (D:4)
  5 orcs
  11 bats
  5 giant cockroaches
  11 goblins
  5 hobgoblins (D:1)
  10 kobolds
  2 quokkas (D:2)
  10 frilled lizards
  A jackal skeleton (D:4)
  A leopard gecko skeleton (D:4)
  6 rats
93 creatures vanquished.

Vanquished Creatures (others)
  193 foxfires
193 creatures vanquished.

Grand Total: 286 creatures vanquished

Notes
Turn   | Place    | Note
-------+----------+-------------------------------------------
     0 | D:1      | kae the Octopode Fire Elementalist began the quest for the
                  | Orb.
     0 | D:1      | Reached XP level 1. HP: 11/11 MP: 3/3
   101 | D:1      | Reached skill level 3 in Stealth
   217 | D:1      | Reached XP level 2. HP: 16/17 MP: 1/5
   448 | D:1      | Reached skill level 4 in Stealth
   863 | D:1      | Reached XP level 3. HP: 21/21 MP: 4/6
  1358 | D:2      | Reached skill level 5 in Stealth
  1360 | D:2      | Reached XP level 4. HP: 11/27 MP: 2/7
  1665 | D:2      | Found a glowing silver altar of Zin.
  1688 | D:2      | Found a shimmering altar of Xom.
  1688 | D:2      | Noticed an angel
  1814 | D:2      | Reached skill level 1 in Fighting
  2034 | D:2      | Reached XP level 5. HP: 31/34 MP: 4/8
  2526 | D:3      | Noticed Grinder
  2764 | D:3      | Found an ornate altar of the Wu Jian Council.
  2767 | D:3      | Found a snail-covered altar of Cheibriados.
  2767 | D:3      | Found an iron altar of Okawaru.
  2810 | D:3      | Found a hazy altar of Hepliaklqana.
  2812 | D:3      | Found a shimmering blue altar of Sif Muna.
  2987 | D:3      | Reached XP level 6. HP: 20/43 MP: 4/9
  4077 | D:4      | Found Enacs's Distillery.
  4078 | D:4      | Noticed a hippogriff
  4093 | D:4      | Slain by an iguana

Levels and vault maps discovered:
D:1:      lightli_arrival_windingriver, layout_basic
D:2:      layout_rooms, grunt_temple_overflow_order_and_chaos_1, minivault_25
D:3:      layout_loops_cross, grunt_temple_overflow_open, portal_sewer_entry_d,
          first_ration, kennysheep_doodads, supply_closet_lemuel, uniq_grinder
D:4:      layout_cave_pools, marbit_many_paths, serial_shops, shop,
          grunt_qazlal_clouds, uniq_blork_the_orc

Skill      XL: |  1  2  3  4  5  6 |
---------------+-------------------+-----
Stealth        | 3 4 5 |  5.0
Conjurations   | 2 3 |  3.0
Fighting       | 1 3 4 |  4.8
Dodging        | |  2.0
Spellcasting   | |  2.0
Fire Magic     | |  3.0

Action                   |  1- 3 |  4- 6 || total
-------------------------+-------+-------++-------
Melee: Unarmed           |    10 |       ||    10
       Tentacles         |     6 |     6 ||    12
       Constrict         |    10 |    13 ||    23
       Spear             |    53 |    58 ||   111
 Cast: Foxfire           |    22 |   104 ||   126
  Use: Scroll            |     3 |     2 ||     5
       Potion            |       |     1 ||     1
 Stab: Sleeping          |    13 |     7 ||    20
  Eat: Chunk             |     2 |     9 ||    11
Armor: Skin              |    10 |     8 ||    18
Dodge: Dodged            |    26 |    57 ||    83

Table legend:
 A = Non-vault XP
 B = Vault XP
 C = Vault XP percentage of total XP
 D = Non-vault monster count
 E = Vault monster count
 F = Vault count percentage of total count
                 A         B        C        D         E       F
            +---------+---------+-------+---------+---------+-------
      Total |     486 |      13 |   2.6 |      92 |       1 |   1.1
            +---------+---------+-------+---------+---------+-------
        D:1 |      55 |       0 |   0.0 |      32 |       0 |   0.0
        D:2 |     149 |       0 |   0.0 |      30 |       0 |   0.0
        D:3 |     183 |      13 |   6.6 |      23 |       1 |   4.2
        D:4 |      99 |       0 |   0.0 |       7 |       0 |   0.0
            +---------+---------+-------+---------+---------+-------
